 Dungeon Crawl Stone Soup version 0.20.0-15-g7f486f2 (webtiles) character file.

397448 galech the Slayer (level 23, -9/269 HPs)
             Began as an Ogre Fighter on June 26, 2017.
             Was the Champion of Okawaru.
             Mangled by a merfolk impaler
             ... wielding a +0 trident
              (24 damage)
             ... on level 1 of the Depths on June 27, 2017.
             The game lasted 02:41:13 (54678 turns).

galech the Slayer (Ogre Fighter)                   Turns: 54678, Time: 02:41:14

Health: -9/269     AC: 13    Str: 33    XL:     23   Next: 23%
Magic:  24/24      EV: 17    Int:  9    God:    Okawaru [******]
Gold:   2656       SH: 32    Dex:  6    Spells: 22/22 levels left

rFire    + . .     SeeInvis +   y - +9 demon whip (venom)
rCold    + . .     Gourm    .   b - +2 large shield {rF+}
rNeg     . . .     Faith    .   Q - +3 troll leather armour
rPois    .         Spirit   .   M - +2 hat {SInv}
rElec    +         Reflect  +   P - +1 cloak of Starlight {rElec rC+ EV+4 Stlth--}
rCorr    +         Harm     .   (gloves unavailable)
MR       +++..                  (boots unavailable)
Stlth    +.........             j - +6 amulet of reflection
Regen    1.0/turn               w - ring of resist corrosion
MPRegen  0.2/turn               D - +4 ring of slaying

@: no status effects
A: unfitting armour, antennae 1, clumsy 1, magic resistance 1, tough skin 1,
wild magic 1, no potion heal 1
}: 2/15 runes: barnacled, gossamer
a: Heroism, Finesse, Renounce Religion


You were on level 1 of the Depths.
You worshipped Okawaru.
Okawaru was exalted by your worship.
You were very hungry.

You visited 9 branches of the dungeon, and saw 41 of its levels.

You collected 4655 gold pieces.
You spent 1999 gold pieces at shops.

Inventory:

Hand Weapons
 g - a +3 demon whip
 t - the +4 giant club of Jeulat {holy, rC+}
   (Okawaru gifted it to you on level 4 of the Shoals)

   It has been blessed by the Shining One to cause great damage to the undead
   and demons.
   It protects you from cold.
 y - a +9 demon whip of venom (weapon)
 X - a +1 demon whip of distortion
Armour
 b - a +2 large shield of fire resistance (worn)
 z - a +0 shield of resistance
 H - the +1 robe of the Will of the Gods {+Blink MR+++ rCorr Int+4}
   (You took it off a deep elf elementalist on level 3 of the Elven Halls)

   It affects your intelligence (+4).
   It affects your resistance to hostile enchantments.
   It lets you blink.
   It protects you from acid and corrosion.
 M - a +2 hat of see invisible (worn)
 N - a +1 large shield of poison resistance
 P - the +1 cloak of Starlight (worn) {rElec rC+ EV+4 Stlth--}
   (You found it on level 3 of the Elven Halls)

   It affects your evasion (+4).
   It protects you from cold.
   It insulates you from electricity.
   It makes you much less stealthy.
 Q - a +3 troll leather armour (worn)
 V - +0 storm dragon scales
Jewellery
 e - an uncursed ring of protection from fire
 i - a +2 ring of dexterity
 j - a +6 amulet of reflection (around neck)
 r - an uncursed ring of protection from cold
 w - a ring of resist corrosion (left hand)
 A - the amulet "Sinemal" {RegenMP +Inv rElec Int+2}
   (You found it on level 4 of the Vaults)

   [amulet of magic regeneration]

   It increases your magic regeneration.
   It affects your intelligence (+2).
   It insulates you from electricity.
   It lets you turn invisible.
 D - a +4 ring of slaying (right hand)
 J - an uncursed ring of positive energy
 K - the amulet of the Four Winds {rN+ MR+++ Clar}
   (You took it off a deep elf death mage on level 3 of the Elven Halls)

   [amulet of nothing]

   It protects you from negative energy.
   It affects your resistance to hostile enchantments.
   It protects you against confusion.
Wands
 u - a wand of digging (13/24)
 T - a wand of acid (6/15)
Scrolls
 c - 3 scrolls of blinking
 h - 10 scrolls of fog
 l - a scroll of summoning
 m - 16 scrolls of remove curse
 p - 7 scrolls of teleportation
 q - 5 scrolls of recharging
 v - 10 scrolls of enchant armour
 I - 11 scrolls of magic mapping
 L - 3 scrolls of identify
 R - 2 scrolls of fear
 U - 8 scrolls of enchant weapon
 Y - 4 scrolls of amnesia
Potions
 a - a potion of heal wounds
 d - 6 potions of might
 k - 6 potions of ambrosia
 s - 4 potions of curing
 x - 5 potions of resistance
 B - a potion of brilliance
 C - 3 potions of haste
 E - 5 potions of berserk rage
 G - 5 potions of cancellation
 O - 2 potions of flight
 S - 2 potions of agility
 W - 2 potions of invisibility
Comestibles
 f - 16 bread rations
 n - a royal jelly
 o - 24 meat rations
 F - 3 fruits


   Skills:
 + Level 23.3 Fighting
 + Level 18.1 Maces & Flails
 + Level 6.8 Armour
 + Level 14.7 Dodging
 + Level 7.5 Stealth
 + Level 19.9 Shields
 + Level 1.5 Invocations


You had 22 spell levels left.
You didn't know any spells.

Dungeon Overview and Level Annotations

Branches:
Dungeon (15/15)            Temple (1/1) D:6            Lair (6/6) D:10
 Shoals (4/4) Lair:2       Spider (4/4) Lair:4        Slime (0/5) Lair:6
    Orc (2/2) D:10            Elf (3/3) Orc:2        Vaults (5/5) D:14
  Crypt (0/3) Vaults:3     Depths (1/5) D:15

Altars:
Ashenzari
Cheibriados
Fedhas
Hepliaklqana
Okawaru
Qazlal
Ru
Trog
Uskayaw
Vehumet
Xom
The Shining One
Beogh

Shops:
D:11 ?   D:15 ?   Orc:2 ??((   Elf:1 *%   Elf:2 *   Vaults:2 =   Vaults:3 [

Portals:
Pandemonium: Depths:1
Trove: Elf:3 (give 11 potions of heal wounds)


Innate Abilities, Weirdness & Mutations

You are too large for most types of armour.
You have tough skin. (AC +1)
You have a pair of small antennae on your head.
You are clumsy. (Dex -2)
You are resistant to hostile enchantments. (MR+)
Your spells are a little harder to cast, but a little more powerful.
Potions are less effective at restoring your health.


Message History

The fire dragon is severely wounded.
You block the merfolk impaler's attack.
You hit the fire dragon.
The fire dragon is almost dead.
You block the fire dragon's attack. The fire dragon claws you.
* * * LOW HITPOINT WARNING * * *
You block the fire dragon's attack.
The merfolk impaler hits you from afar with a trident.
* * * LOW HITPOINT WARNING * * *
You hit the fire dragon but do no damage.
The fire dragon looks as sick as possible!
The fire dragon is almost dead.
You whack the fire dragon!
You kill the fire dragon!
Okawaru accepts your kill.
The merfolk impaler hits you from afar with a trident!
* * * LOW HITPOINT WARNING * * *
A deep troll comes into view.
The merfolk impaler hits you with a trident!!
You die...

...#..........
##............##
T....≈≈≈......##
.....≈≈.....≈.#
.........≈≈≈..
##.#...........
#..#)..........
#..............
#..@##(........ .
##..m..≈....... O
........≈.......
.................
.......(..≈≈≈......
..
.(....≈≈≈.≈≈≈≈.....
...
......≈≈≈.≈≈≈≈.....
.≈.
...../≈≈≈...≈≈≈....
.≈C ..≈≈≈.........#
≈≈≈


You could see a merfolk impaler.

Vanquished Creatures
  Bai Suzhen (Shoals:3)
  Saint Roka (Elf:3)
  Nikola (Spider:4)
  Arachne (Spider:3)
  Asterion (Spider:4)
  A deep elf blademaster (Elf:3)
  A deep elf master archer (Elf:3)
  Polyphemus (Shoals:2)
  2 sphinxes
  Frances (D:13)
  A kraken (Shoals:3)
  Gastronok (D:9)
  A storm dragon (Vaults:4)
  Ilsuiw (Shoals:3)
  A fire giant (D:15)
  2 tengu reavers (Vaults:4)
  The ghost of Inarius the Earth Mage, an adept GrEE of Hepliaklqana (Shoals:2)
  9 vault wardens
  3 ghost moths (Spider:4)
  3 frost giants
  10 deep elf sorcerers (Elf:3)
  7 emperor scorpions
  A caustic shrike zombie (Depths:1)
  5 deep elf elementalists (Elf:3)
  A cacodemon (Depths:1)
  A war gargoyle (Vaults:2)
  4 very ugly things
  7 stone giants
  10 entropy weavers
  4 deep elf demonologists (Elf:3)
  9 ironheart preservers
  15 deep elf annihilators
  A spark wasp (Spider:3)
  5 deep elf death magi
  3 merfolk javelineers
  Snorg (Orc:1)
  6 merfolk impalers
  4 fire dragons
  A crystal guardian (Vaults:4)
  2 ettins
  12 ogre magi
  6 yaktaur captains
  3 great orbs of eyes
  4 deep elf high priests (Elf:3)
  Erolcha (Orc:1)
  19 vault guards
  2 rakshasas
  4 catoblepae
  6 merfolk avatars
  A hydra (D:14)
  2 ice dragons
  8 centaur warriors
  55 two-headed ogres
  2 death knights
  A queen ant (Lair:3)
  Erica (Orc:1)
  6 merfolk aquamancers (Shoals:4)
  33 dancing weapons
  A vampire mage (Vaults:3)
  19 death yaks
  2 deep troll shamans
  2 deep troll earth magi
  24 deep elf knights
  A sun demon (Depths:1)
  5 hell knights (Depths:1)
  4 skeletal warriors (D:14)
  An iron troll (D:15)
  An unseen horror (D:15)
  3 glowing orange brains
  A wizard (Vaults:2)
  6 sea snakes
  2 torturous demonspawn (Depths:1)
  11 deep trolls
  A flayed ghost (Vaults:2)
  A death drake (shapeshifter) (Depths:1)
  A golden dragon zombie (Vaults:4)
  15 ironbrand convokers
  15 deep elf archers
  3 necromancers
  A lindwurm (Lair:6)
  8 harpies
  5 orc knights
  15 orb spiders
  18 manticores
  5 oklob plants (Lair:6)
  27 ugly things
  A stone giant zombie (Vaults:4)
  61 deep elf magi
  7 cyclopes
  5 orc sorcerers
  32 wolf spiders
  A sphinx skeleton (Vaults:2)
  7 merfolk sirens
  A moth of wrath (Spider:1)
  A stone giant skeleton (Vaults:2)
  A human skeleton (Vaults:4)
  Maurice (Orc:1)
  A black mamba (shapeshifter) (D:15)
  2 centaur zombies
  A frost giant skeleton (Vaults:4)
  12 elephants
  5 water nymphs
  5 black mambas
  14 vault sentinels
  4 torpor snails
  A human zombie (Vaults:2)
  Psyche (D:11)
  A torpor snail (shapeshifter) (Vaults:4)
  A gargoyle (D:15)
  8 spiny frogs
  5 centaur skeletons
  A spiny frog (shapeshifter) (Vaults:3)
  16 yaktaurs
  A rime drake (Lair:6)
  A rime drake (shapeshifter) (Elf:1)
  2 efreet
  A yaktaur skeleton (Vaults:2)
  2 kobold demonologists (D:15)
  The ghost of galech the Skirmisher, an amateur OgFi (D:4)
  An ice devil (Depths:1)
  7 komodo dragons
  6 freezing wraiths
  A hellwing (Depths:1)
  31 merfolk
  19 demonic crawlers
  15 trolls
  A polar bear (Lair:2)
  A meliai (shapeshifter) (Vaults:1)
  17 jumping spiders
  6 wind drakes
  2 jumping spiders (shapeshifter)
  12 blink frogs
  A hornet (shapeshifter) (Vaults:4)
  12 hornets
  2 polar bears (shapeshifter)
  A hippogriff (shapeshifter) (Vaults:3)
  30 slime creatures
  Prince Ribbit (D:7)
  2 dream sheep (Lair:5)
  5 hippogriffs
  11 snapping turtles
  3 wraiths
  2 shadows
  5 air elementals
  61 redbacks
  A tarantella (shapeshifter) (Elf:3)
  31 tarantellas
  45 yaks
  3 basilisks
  5 wyverns
  9 water elementals
  A vampire (D:12)
  2 fire elementals (Elf:1)
  2 hungry ghosts
  Grum (D:9)
  A steam dragon (Lair:4)
  8 vampire mosquitoes
  A yaktaur simulacrum (Vaults:4)
  5 wargs
  Menkaure (D:7)
  A soldier ant (shapeshifter) (Vaults:2)
  3 acid dragons
  22 water moccasins
  5 soldier ants
  Duvessa (D:7)
  6 porcupines
  35 orc warriors
  A necrophage (D:8)
  44 ogres
  3 black bears
  3 ice beasts
  5 sky beasts
  7 centaurs
  3 phantoms
  6 wolves
  18 crocodiles
  3 big kobolds
  20 bullfrogs
  4 earth elementals
  A wyvern zombie (D:14)
  Dowan (D:7)
  2 wyvern skeletons
  8 scorpions
  2 water moccasin skeletons
  6 wights
  3 electric eels
  3 howler monkeys (D:12)
  6 crimson imps
  2 bullfrog zombies
  8 hounds
  7 jellies
  A bullfrog skeleton (D:7)
  2 quasits
  18 orc priests
  Jessica (D:3)
  10 iguanas
  20 orc wizards
  23 worker ants
  A hound zombie (D:5)
  A hound skeleton (D:11)
  2 howler monkey zombies
  A worker ant zombie (D:9)
  Robin (D:2)
  A howler monkey skeleton (D:8)
  29 adders
  9 shadow imps
  3 white imps (Depths:1)
  An ufetubus (Depths:1)
  6 oozes
  5 adder skeletons
  An adder zombie (D:9)
  7 worms
  5 dart slugs
  7 leopard geckos
  110 orcs
  10 giant cockroaches
  16 goblins
  11 hobgoblins
  8 jackals
  9 quokkas
  A ball python (D:3)
  13 bats
  4 frilled lizards
  16 kobolds
  A leopard gecko skeleton (D:4)
  A quokka skeleton (D:8)
  8 rats
  4 plants
  2 tentacles (Shoals:3)
1678 creatures vanquished.

Vanquished Creatures (others)
  A deep elf master archer (Elf:3)
  A merfolk javelineer (Shoals:4)
  3 yaktaur captains
  A centaur warrior (Vaults:4)
  2 deep elf archers
  A cyclops (Vaults:2)
  A water nymph (Shoals:4)
  11 yaktaurs
  An ogre (Vaults:2)
  4 centaurs
  A bullfrog (Lair:4)
  A shadow imp (Depths:1)
  An orc (Elf:3)
  A fungus (Lair:6)
  21 plants
  4 tentacles (Shoals:3)
55 creatures vanquished.

Grand Total: 1733 creatures vanquished

Notes
Turn   | Place    | Note
-------+----------+-------------------------------------------
     0 | D:1      | galech the Ogre Fighter began the quest for the Orb.
     0 | D:1      | Reached XP level 1. HP: 24/24 MP: 1/1
   125 | D:1      | Reached XP level 2. HP: 26/33 MP: 2/2
   446 | D:1      | Reached XP level 3. HP: 39/40 MP: 3/3
   802 | D:2      | Noticed Robin
   818 | D:2      | Killed Robin
   818 | D:2      | Reached XP level 4. HP: 25/49 MP: 4/4
  1658 | D:2      | Reached skill level 5 in Fighting
  1658 | D:2      | Reached XP level 5. HP: 57/57 MP: 5/5
  2802 | D:3      | Noticed Jessica
  2805 | D:3      | Killed Jessica
  2805 | D:3      | Reached XP level 6. HP: 62/66 MP: 6/6
  3649 | D:4      | Noticed galech's ghost (amateur OgFi)
  3673 | D:4      | Killed galech's ghost
  3673 | D:4      | Reached skill level 1 in Stealth
  3673 | D:4      | Reached XP level 7. HP: 14/72 MP: 7/7
  4044 | D:4      | Found a snail-covered altar of Cheibriados.
  4544 | D:4      | Reached skill level 6 in Fighting
  4544 | D:4      | Reached skill level 5 in Maces & Flails
  5176 | D:4      | Found a shattered altar of Ashenzari.
  5179 | D:4      | Found a glowing golden altar of the Shining One.
  5181 | D:4      | Found a blossoming altar of Fedhas.
  5224 | D:5      | Entered Level 5 of the Dungeon
  5541 | D:5      | Reached XP level 8. HP: 43/83 MP: 8/8
  5807 | D:4      | Reached skill level 5 in Dodging
  7044 | D:6      | Reached skill level 7 in Fighting
  7213 | D:6      | Reached skill level 5 in Shields
  7483 | D:6      | Found a radiant altar of Vehumet.
  7898 | D:6      | Reached XP level 9. HP: 91/93 MP: 9/9
  8221 | D:6      | Found a staircase to the Ecumenical Temple.
  8230 | Temple   | Entered the Ecumenical Temple
  8248 | Temple   | Became a worshipper of Warmaster Okawaru
  8307 | D:6      | Found a hazy altar of Hepliaklqana.
  9138 | D:7      | Found a sacrificial altar of Ru.
  9160 | D:7      | Noticed Duvessa
  9160 | D:7      | Noticed Dowan
  9173 | D:7      | Killed Duvessa
  9186 | D:7      | Killed Dowan
  9186 | D:7      | Reached skill level 8 in Fighting
  9525 | D:7      | Noticed Menkaure
  9529 | D:7      | Killed Menkaure
  9588 | D:7      | Gained mutation: Potions are less effective at restoring your health. [mutagenic meat]
  9589 | D:7      | Gained mutation: You are resistant to hostile enchantments. (MR+) [mutagenic meat]
  9590 | D:7      | Gained mutation: Your spells are a little harder to cast, but a little more powerful. [mutagenic meat]
  9591 | D:7      | Gained mutation: Your mind is acute. (Int +2) [mutagenic meat]
  9621 | D:7      | Noticed Prince Ribbit
  9623 | D:7      | Reached * piety under Okawaru
  9714 | D:7      | Killed Prince Ribbit
 10586 | D:7      | Reached XP level 10. HP: 104/106 MP: 10/10
 11089 | D:8      | Reached skill level 9 in Fighting
 11566 | D:8      | Reached ** piety under Okawaru
 11800 | D:8      | Identified a scroll of acquirement
 12092 | D:9      | Noticed Gastronok
 12112 | D:9      | Killed Gastronok
 12112 | D:9      | Reached *** piety under Okawaru
 12367 | D:9      | Noticed a two-headed ogre
 12372 | D:9      | Killed a two-headed ogre
 12372 | D:9      | Reached **** piety under Okawaru
 12372 | D:9      | Reached skill level 10 in Fighting
 12372 | D:9      | Reached skill level 10 in Maces & Flails
 12372 | D:9      | Reached XP level 11. HP: 86/116 MP: 11/11
 12996 | D:9      | Found a shimmering altar of Xom.
 13105 | D:9      | Noticed Grum
 13108 | D:9      | Noticed a death knight
 13526 | D:9      | Killed a death knight
 13526 | D:9      | Reached ***** piety under Okawaru
 13800 | D:9      | Lost mutation: Your spells are a little harder to cast, but a little more powerful. [mutagenic meat]
 13801 | D:9      | Lost mutation: Your mind is acute. (Int +2) [mutagenic meat]
 13802 | D:9      | Gained mutation: Your spells are a little harder to cast, but a little more powerful. [mutagenic meat]
 13803 | D:9      | Gained mutation: You are clumsy. (Dex -2) [mutagenic meat]
 13804 | D:9      | Gained mutation: You have a pair of small antennae on your head. [mutagenic meat]
 13939 | D:9      | Killed Grum
 14166 | D:10     | Entered Level 10 of the Dungeon
 14391 | D:10     | Reached skill level 11 in Fighting
 14467 | D:10     | Got an ichor-stained cloak
 14473 | D:10     | Identified the +1 cloak of Grottiness {rC+ MR+} (You acquired it on level 10 of the Dungeon)
 14505 | D:10     | Found a staircase to the Lair.
 14557 | D:10     | Noticed a two-headed ogre
 14602 | D:10     | Killed a two-headed ogre
 14602 | D:10     | Received a gift from Okawaru
 14613 | D:10     | Got an ichor-stained morningstar {god gift}
 14714 | D:10     | Identified the +2 morningstar "Laucalle" {drain, *Drain rC+ rN+} (Okawaru gifted it to you on level 10 of the Dungeon)
 14729 | D:10     | Found a roughly hewn altar of Beogh.
 14762 | D:10     | Noticed an orc knight
 14812 | D:10     | Killed an orc knight
 14812 | D:10     | Reached skill level 1 in Armour
 14898 | D:10     | Found a staircase to the Orcish Mines.
 15019 | D:10     | Reached XP level 12. HP: 98/129 MP: 12/12
 15383 | Orc:1    | Entered Level 1 of the Orcish Mines
 15607 | Orc:2    | Entered Level 2 of the Orcish Mines
 15624 | Orc:2    | Noticed a two-headed ogre
 15625 | Orc:2    | Noticed a two-headed ogre
 15709 | Orc:2    | Noticed a two-headed ogre
 15710 | Orc:2    | Noticed an ogre mage
 15729 | D:10     | HP: 6/130 [deep troll (14)]
 15919 | D:10     | Reached ****** piety under Okawaru
 16032 | Orc:2    | Noticed a two-headed ogre
 16033 | Orc:2    | Noticed a two-headed ogre
 16054 | Orc:1    | Noticed Maurice
 16074 | Orc:1    | Received a gift from Okawaru
 16075 | Orc:1    | Got a shadowed robe {god gift}
 16205 | Orc:1    | Identified the +1 robe "Uwimpet" {+Inv Str+4} (Okawaru gifted it to you on level 1 of the Orcish Mines)
 16234 | Orc:1    | Killed Maurice
 16235 | Orc:1    | Noticed Erica
 16257 | Orc:1    | Killed Erica
 16555 | Orc:2    | Noticed a two-headed ogre
 16846 | Orc:2    | Killed a two-headed ogre
 17067 | Orc:2    | Found Ixaimu's Magic Scroll Shop.
 17074 | Orc:2    | Reached skill level 12 in Fighting
 17080 | Orc:2    | Noticed a two-headed ogre
 17103 | Orc:1    | Killed a two-headed ogre
 17231 | Orc:1    | Killed a two-headed ogre
 17240 | Orc:1    | Killed a two-headed ogre
 17420 | Orc:2    | Noticed a two-headed ogre
 17428 | Orc:2    | Killed a two-headed ogre
 17433 | Orc:2    | Killed a two-headed ogre
 17433 | Orc:2    | Reached XP level 13. HP: 107/141 MP: 13/13
 17602 | Orc:2    | Found Fanoqe's Weapon Emporium.
 17635 | Orc:2    | Killed an ogre mage
 17635 | Orc:2    | Received a gift from Okawaru
 17665 | Orc:2    | Got a translucent shield {god gift}
 17676 | Orc:2    | Identified the +3 shield "Xuuzefa" {+Fly} (Okawaru gifted it to you on level 2 of the Orcish Mines)
 17752 | Orc:2    | Noticed an ogre mage
 17767 | Orc:2    | Killed an ogre mage
 17767 | Orc:2    | Reached skill level 13 in Fighting
 17788 | Orc:2    | Bought a scroll of identify for 24 gold pieces
 17788 | Orc:2    | Bought a scroll of identify for 24 gold pieces
 17788 | Orc:2    | Bought a scroll of identify for 24 gold pieces
 17788 | Orc:2    | Bought a scroll of blinking for 90 gold pieces
 17788 | Orc:2    | Bought a scroll of enchant weapon for 90 gold pieces
 17788 | Orc:2    | Bought a scroll of enchant weapon for 90 gold pieces
 17791 | Orc:2    | Found Leuvam's Magic Scroll Boutique.
 17792 | Orc:2    | Found Efucec's Antique Weapon Shop.
 17796 | Orc:2    | Found a staircase to the Elven Halls.
 17822 | Orc:2    | Bought a scroll of identify for 30 gold pieces
 17822 | Orc:2    | Bought a scroll of identify for 30 gold pieces
 18318 | Orc:1    | Noticed Snorg
 18319 | Orc:1    | Noticed Erolcha
 18351 | Orc:1    | Killed Snorg
 18355 | Orc:1    | Killed Erolcha
 18831 | Lair:1   | Entered Level 1 of the Lair of Beasts
 19365 | Lair:1   | Reached skill level 14 in Fighting
 20011 | Lair:1   | You fall through a shaft!
 20639 | Lair:2   | Found a staircase to the Shoals.
 20848 | Lair:3   | Reached XP level 14. HP: 149/157 MP: 12/14
 21518 | Lair:4   | Found a hole to the Spider Nest.
 21605 | Lair:4   | Received a gift from Okawaru
 21947 | Lair:4   | Noticed an entropy weaver
 21952 | Lair:4   | Noticed an entropy weaver
 21958 | Lair:4   | Killed an entropy weaver
 22133 | Lair:3   | Reached skill level 15 in Fighting
 22164 | Lair:4   | Killed an entropy weaver
 22732 | Lair:5   | Reached skill level 10 in Shields
 22836 | Lair:5   | HP: 4/159 [death yak (20)]
 22841 | Lair:5   | Received a gift from Okawaru
 23171 | Lair:5   | Reached skill level 5 in Stealth
 24030 | Lair:6   | Entered Level 6 of the Lair of Beasts
 24068 | Lair:6   | Found a staircase to the Slime Pits.
 24251 | Lair:6   | Received a gift from Okawaru
 24479 | Lair:6   | Found a glowing golden altar of the Shining One.
 24562 | Lair:6   | Reached XP level 15. HP: 168/169 MP: 15/15
 24598 | Lair:6   | Reached skill level 10 in Dodging
 24619 | Lair:6   | Identified the Papyrus of Ashen Good Luck
 25075 | Lair:6   | Reached skill level 16 in Fighting
 25351 | Lair:5   | Received a gift from Okawaru
 26235 | Lair:6   | Got an ancient scarf
 26246 | Lair:6   | Identified the scarf of Fun and Games {MR+ Int+2} (You found it on level 6 of the Lair of Beasts)
 26547 | D:11     | Noticed Psyche
 26552 | D:11     | Killed Psyche
 26611 | D:11     | Found Gepeti's Magic Scroll Shoppe.
 26664 | D:11     | Bought a scroll of identify for 30 gold pieces
 26664 | D:11     | Bought a scroll of acquirement for 780 gold pieces
 26664 | D:11     | Bought a scroll of identify for 30 gold pieces
 26664 | D:11     | Bought a scroll of identify for 30 gold pieces
 26664 | D:11     | Bought a scroll of identify for 30 gold pieces
 26664 | D:11     | Bought a scroll of identify for 30 gold pieces
 26761 | D:11     | Reached skill level 5 in Armour
 27631 | D:12     | Reached skill level 17 in Fighting
 27747 | D:12     | Paralysed by a hornet for 2 turns
 28225 | D:13     | Noticed Frances
 28237 | D:13     | Killed Frances
 28868 | D:14     | Received a gift from Okawaru
 28923 | D:14     | Reached XP level 16. HP: 182/183 MP: 16/16
 29536 | D:14     | Found a gate to the Vaults.
 29913 | D:15     | Entered Level 15 of the Dungeon
 30343 | D:15     | Found a staircase to the Depths.
 30364 | D:15     | Received a gift from Okawaru
 30473 | D:15     | Found Ruor Bemp's Magic Scroll Emporium.
 30477 | D:15     | Bought a scroll of magic mapping for 59 gold pieces
 30477 | D:15     | Bought a scroll of magic mapping for 59 gold pieces
 30477 | D:15     | Bought a scroll of identify for 34 gold pieces
 30477 | D:15     | Bought a scroll of identify for 34 gold pieces
 30477 | D:15     | Bought a scroll of identify for 34 gold pieces
 30477 | D:15     | Bought a scroll of enchant weapon for 127 gold pieces
 30574 | D:15     | Reached skill level 18 in Fighting
 31453 | Shoals:1 | Entered Level 1 of the Shoals
 32160 | Shoals:2 | Noticed Polyphemus
 32215 | Shoals:2 | Killed Polyphemus
 32217 | Shoals:2 | Reached XP level 17. HP: 157/196 MP: 17/17
 32791 | Shoals:2 | Noticed Inarius's ghost (adept GrEE)
 32823 | Shoals:2 | Killed Inarius's ghost
 32890 | Shoals:3 | Noticed Ilsuiw
 33080 | Shoals:3 | Received a gift from Okawaru
 33319 | Shoals:3 | Killed Ilsuiw
 33694 | Shoals:3 | Reached skill level 15 in Maces & Flails
 33832 | Shoals:3 | Noticed a kraken
 33867 | Shoals:3 | Killed a kraken
 34267 | Shoals:4 | Entered Level 4 of the Shoals
 34283 | Shoals:4 | Noticed Bai Suzhen
 34319 | Shoals:3 | Killed Bai Suzhen
 35210 | Shoals:4 | Received a gift from Okawaru
 35224 | Shoals:4 | Identified the +4 giant club of Jeulat {holy, rC+} (Okawaru gifted it to you on level 4 of the Shoals)
 35392 | Shoals:4 | Reached skill level 19 in Fighting
 35785 | Shoals:4 | Received a gift from Okawaru
 35913 | Shoals:4 | Got a barnacled rune of Zot
 36357 | Spider:1 | Entered Level 1 of the Spider Nest
 36468 | Spider:1 | Reached XP level 18. HP: 150/208 MP: 18/18
 37282 | Spider:1 | You fall through a shaft!
 37620 | Spider:2 | Received a gift from Okawaru
 37630 | Spider:2 | Got an ichor-stained flail {god gift}
 37631 | Spider:2 | Identified the +9 flail of the Middle {venom, rElec Str+2} (Okawaru gifted it to you on level 2 of the Spider Nest)
 38249 | Spider:2 | Got a brightly glowing platinum ring
 38251 | Spider:2 | Identified the ring of Boron {rPois Str-3 Int+5 SInv} (You found it on level 2 of the Spider Nest)
 38689 | Spider:3 | Noticed Arachne
 38714 | Spider:3 | Killed Arachne
 38716 | Spider:3 | Received a gift from Okawaru
 39085 | Spider:4 | Entered Level 4 of the Spider Nest
 39100 | Spider:4 | Noticed Nikola
 39117 | Spider:4 | Killed Nikola
 39117 | Spider:4 | Reached skill level 15 in Shields
 39117 | Spider:4 | Reached skill level 1 in Invocations
 39986 | Spider:4 | Noticed Asterion
 40013 | Spider:4 | Killed Asterion
 40454 | Spider:4 | Reached skill level 20 in Fighting
 40492 | Spider:4 | Received a gift from Okawaru
 40737 | Spider:4 | Got an ominously black robe {god gift}
 40738 | Spider:4 | Identified the +1 robe of Trumpets {rC+ Str+3} (Okawaru gifted it to you on level 4 of the Spider Nest)
 40846 | Spider:4 | Reached XP level 19. HP: 219/219 MP: 19/19
 41171 | Spider:4 | Got a gossamer rune of Zot
 41720 | Elf:1    | Entered Level 1 of the Elven Halls
 42016 | Elf:1    | Found Ytew's General Store.
 42041 | Elf:1    | Bought a scroll of identify for 28 gold pieces
 42061 | Elf:1    | Found Baopekk's Food Shop.
 42597 | Elf:1    | Received a gift from Okawaru
 42951 | Elf:2    | Found a radiant altar of Vehumet.
 43101 | Elf:2    | Found Gohurys's Assorted Antiques.
 43105 | Elf:2    | Bought a scroll of enchant armour for 292 gold pieces
 43394 | Elf:2    | Found a runed gate.
 43394 | Elf:2    | Found a runed gate.
 43395 | Elf:2    | Found a runed gate.
 43745 | Elf:2    | Reached XP level 20. HP: 224/231 MP: 20/20
 43788 | Elf:2    | Received a gift from Okawaru
 43967 | Elf:3    | Entered Level 3 of the Elven Halls
 43993 | Elf:3    | Found a portal to a secret trove of treasure.
 44312 | Elf:3    | Noticed Saint Roka
 44447 | Elf:3    | Killed Saint Roka
 44447 | Elf:3    | Reached skill level 21 in Fighting
 45606 | Elf:3    | Received a gift from Okawaru
 46120 | Elf:3    | Noticed a Brimstone Fiend
 46474 | Elf:3    | Identified the +7 spear "Suovazua" {holy, Str+4} (You took it off a deep elf annihilator on level 3 of the Elven Halls)
 46568 | Elf:3    | Got an ancient morningstar {freeze}
 46569 | Elf:3    | Identified the +5 morningstar of Qostid {freeze, rC- rN+ Str+8} (You took it off a deep elf annihilator on level 3 of the Elven Halls)
 46621 | Elf:3    | Identified Loepiziz's Reference Book on Earth
 46740 | Elf:3    | Got a wizard robe
 46751 | Elf:3    | Identified the +1 robe of the Will of the Gods {+Blink MR+++ rCorr Int+4} (You took it off a deep elf elementalist on level 3 of the Elven Halls)
 47032 | Vaults:1 | Entered Level 1 of the Vaults
 47207 | Vaults:1 | Reached XP level 21. HP: 215/243 MP: 22/22
 48269 | Vaults:2 | Received a gift from Okawaru
 48464 | Vaults:2 | Reached skill level 22 in Fighting
 48704 | Vaults:2 | Found Umacing's Jewellery Shoppe.
 49747 | Vaults:2 | Received a gift from Okawaru
 50340 | Vaults:3 | Reached XP level 22. HP: 257/257 MP: 23/23
 50423 | Vaults:3 | Found Vaffom's Armour Shoppe.
 50614 | Vaults:3 | Found a staircase to the Crypt.
 51194 | Vaults:3 | Received a gift from Okawaru
 52248 | Vaults:4 | Reached skill level 23 in Fighting
 53013 | Vaults:4 | Identified the amulet "Sinemal" {RegenMP +Inv rElec Int+2} (You found it on level 4 of the Vaults)
 53070 | Vaults:5 | Entered Level 5 of the Vaults
 53786 | Depths:1 | Entered Level 1 of the Depths
 53789 | Depths:1 | Reached XP level 23. HP: 269/269 MP: 24/24
 53808 | D:15     | Received a gift from Okawaru
 54476 | Depths:1 | Found a one-way gate leading to the halls of Pandemonium.
 54678 | Depths:1 | Mangled by a merfolk impaler

Skill      XL: |  1  2  3  4  5  6  7  8  9 10 11 12 13 14 15 16 17 18 19 20 21 22 |
---------------+-------------------------------------------------------------------+-----
Maces & Flails | 2 3 4 5 6 8 10 11 12 13 14 15 16 17 18 | 18.1
Shields        | 3 4 5 6 7 8 9 10 11 12 14 15 16 17 18 19 | 19.9
Dodging        | 3 4 5 6 7 8 9 10 11 12 13 14 | 14.7
Fighting       | 5 6 7 8 10 11 12 14 15 17 18 19 20 21 22 23 | 23.3
Stealth        | 1 2 3 4 5 6 7 |  7.5
Armour         | 1 3 4 5 6 |  6.8
Invocations    | 1 |  1.5

Action                   |  1- 3 |  4- 6 |  7- 9 | 10-12 | 13-15 | 16-18 | 19-21 | 22-24 || total
-------------------------+-------+-------+-------+-------+-------+-------+-------+-------++-------
Melee: Flail             |   113 |   326 |   444 |    98 |       |       |       |       ||   981
       Demon whip        |       |       |       |   522 |  1448 |  1849 |  1743 |   829 ||  6391
Invok: Heroism           |       |       |       |     1 |     2 |     8 |     2 |     1 ||    14
  Use: Potion            |       |     4 |     6 |     3 |     2 |     9 |       |     2 ||    26
       Scroll            |       |       |     5 |    18 |    21 |    16 |    13 |     2 ||    75
 Stab: Sleeping          |       |     3 |     4 |     5 |    24 |    12 |     9 |       ||    57
       Distracted        |       |       |     1 |     1 |       |     2 |       |       ||     4
       Held in net/web   |       |       |       |       |       |       |     1 |       ||     1
  Eat: Chunk             |       |     9 |    24 |    26 |    33 |    37 |    25 |    13 ||   167
       Bread ration      |       |       |     2 |       |     1 |     1 |     1 |       ||     5
Armor: Robe              |    35 |   117 |    62 |    23 |       |       |       |       ||   237
       Troll leather arm |       |       |       |    55 |   153 |   247 |    85 |    51 ||   591
Dodge: Dodged            |    47 |   155 |   169 |   221 |   292 |   370 |   200 |   112 ||  1566
Block: Shield            |    42 |   180 |   218 |   243 |   542 |       |       |       ||  1225
       Large shield      |       |       |       |       |     1 |  1766 |  1214 |   757 ||  3738
       Reflection        |       |       |       |       |       |    61 |   125 |    77 ||   263
